 Dungeon Crawl Stone Soup version 0.23-a0-667-gc184e93 (webtiles) character file.

58 Blackhawk the Skirmisher (level 4, -1/37 HPs)
             Began as a Formicid Abyssal Knight on Jan 8, 2019.
             Was a Follower of Lugonu.
             Succumbed to an adder's poison
             ... on level 2 of the Dungeon.
             The game lasted 00:02:39 (1888 turns).

Blackhawk the Skirmisher (Formicid Abyssal Knight)  Turns: 1888, Time: 00:02:39

Health: -1/37      AC:  5    Str: 18    XL:     4   Next: 20%
Magic:  6/6        EV: 11    Int: 11    God:    Lugonu [*.....]
Gold:   88         SH:  0    Dex: 10    Spells: 3/3 levels left

rFire    . . .     SeeInvis +   a - +1 hand axe
rCold    . . .     Gourm    .   (no shield)
rNeg     . . .     Faith    .   b - +0 leather armour
rPois    .         Spirit   .   (helmet unavailable)
rElec    .         Reflect  .   (no cloak)
rCorr    .         Harm     .   (no gloves)
MR       .....                  (no boots)
Stlth    +.........             (no amulet)
HPRegen  0.12/turn              d - ring of flight
MPRegen  0.10/turn              (no ring)

@: lethally poisoned (-1 -> -14)
A: permanent stasis, dig shafts and tunnels, four strong arms, antennae 3, icy
blue scales 1, mutation resistance 1, wild magic 1
a: Dig, Shaft Self, Depart the Abyss, Renounce Religion, Evoke Flight


You were on level 2 of the Dungeon.
You worshipped Lugonu.
Lugonu was aware of your devotion.
You were not hungry.

You visited 1 branch of the dungeon, and saw 2 of its levels.
You visited the Abyss 1 time.

You collected 88 gold pieces.

Inventory:

Hand Weapons
 a - a +1 hand axe (weapon)
Missiles
 h - a throwing net (quivered)
Armour
 b - a +0 leather armour (worn)
Jewellery
 d - a ring of flight (left hand)
 g - an uncursed ring of protection from magic {unknown}
 n - a +4 ring of intelligence {unknown}
Scrolls
 f - a scroll of random uselessness {unknown}
 i - a scroll of blinking {unknown}
Potions
 j - a potion of cancellation {unknown}
 k - a potion of ambrosia {unknown}
 l - a potion of lignification {unknown}
Comestibles
 c - 3 rations
 m - a chunk of flesh


   Skills:
 + Level 3.7 Fighting
 + Level 2.5 Axes
 + Level 2.8 Armour
 + Level 1.6 Dodging
 + Level 2.8 Invocations


You had 3 spell levels left.
You didn't know any spells.
Your spell library was empty.

Dungeon Overview and Level Annotations

Branches:
Dungeon (2/15)

Altars:


Innate Abilities, Weirdness & Mutations

You cannot be hasted, slowed, berserked, paralysed or teleported.
You can dig through walls and to a lower floor.
Your four strong arms can wield two-handed weapons with a shield.
You have a pair of large antennae on your head. (SInv)
You are partially covered in icy blue scales. (AC +2)
You are somewhat resistant to further mutation.
Your spells are a little harder to cast, but a little more powerful.


Message History

* * * LOW HITPOINT WARNING * * *
You feel sick. The adder bites you.
* * * LOW HITPOINT WARNING * * *
The adder bites you.
* * * LOW HITPOINT WARNING * * *
You are more poisoned.
The adder poisons you!
You closely miss the adder.
The adder is almost dead.
* * * LOW HITPOINT WARNING * * *
You feel sick. The adder barely misses you.
You hit the adder.
You kill the adder!
Lugonu accepts your kill.
* * * LOW HITPOINT WARNING * * *
You feel sick.
It was a potion of mutation.
You feel extremely strange.
Icy blue scales grow over part of your body.
You feel less in control of your magic.
You feel genetically stable.
You die...

...###.#...#.###...##
##.....##.##.........
###.#.........#....###
........#.#÷.......>.
#####.#.#.#.#......#
#...###........#####
#.#.....#...........
##.##.#.##....†.....?
#<......##...@.......
####...###...........
##### ####......./
#........ #........
#........ #........
#........


There were no monsters in sight!

Vanquished Creatures
  2 adders (D:2)
  2 dart slugs (D:2)
  2 leopard geckos (D:1)
  4 giant cockroaches
  3 goblins (D:1)
  2 hobgoblins
  5 bats
  3 frilled lizards
  6 kobolds
  8 rats
37 creatures vanquished.

Notes
Turn   | Place    | Note
-------+----------+-------------------------------------------
     0 | Abyss:1  | Blackhawk the Formicid Abyssal Knight began the quest for
                  | the Orb.
     0 | Abyss:1  | Reached XP level 1. HP: 18/18 MP: 2/2
    27 | Abyss:1  | Noticed a frost giant skeleton
    48 | D:1      | Escaped the Abyss
   232 | D:1      | Reached skill level 1 in Dodging
   314 | D:1      | Reached * piety under Lugonu
   331 | D:1      | Reached XP level 2. HP: 24/24 MP: 3/3
   721 | D:1      | Reached XP level 3. HP: 26/29 MP: 4/4
  1885 | D:2      | Reached XP level 4. HP: 11/37 MP: 6/6
  1887 | D:2      | HP: 1/37 [poisoned by an adder]
  1888 | D:2      | Gained mutation: You are partially covered in icy blue
                  | scales. (AC +2) [potion of mutation]
  1888 | D:2      | Gained mutation: Your spells are a little harder to cast,
                  | but a little more powerful. [potion of mutation]
  1888 | D:2      | Gained mutation: You are somewhat resistant to further
                  | mutation. [potion of mutation]
  1888 | D:2      | Succumbed to an adder's poison

Vault maps used:
D:1:      dpeg_arrival_short_road, solitary_fountain
D:2:      minmay_fractal_squares_5, uniq_robin, uniq_natasha
Abyss:1:  evilmike_abyss_exit_14

Skill      XL: |  1 |
---------------+----+-----
Dodging        | 1 |  1.6
Fighting       | |  3.7
Axes           | |  2.5
Armour         | |  2.8
Invocations    | |  2.8

Action                   |  1- 3 |  4- 6 || total
-------------------------+-------+-------++-------
Melee: Hand axe          |    91 |     2 ||    93
Invok: Depart the Abyss  |     1 |       ||     1
  Use: Potion            |       |     1 ||     1
  Eat: Chunk             |     3 |       ||     3
Armor: Leather armour    |    19 |       ||    19
Dodge: Dodged            |    72 |     1 ||    73

Table legend:
 A = Non-vault XP
 B = Vault XP
 C = Vault XP percentage of total XP
 D = Non-vault monster count
 E = Vault monster count
 F = Vault count percentage of total count
                 A         B        C        D         E       F
            +---------+---------+-------+---------+---------+-------
      Total |      73 |      10 |  12.0 |      31 |       6 |  16.2
            +---------+---------+-------+---------+---------+-------
        D:1 |      36 |       0 |   0.0 |      23 |       0 |   0.0
        D:2 |      37 |      10 |  21.3 |       8 |       6 |  42.9
            +---------+---------+-------+---------+---------+-------
